General information
- name: BNet
- type: Ladder team game (AT/RT)
- host: Battle.net
- saver: timg4strok
map: Highperch
- players: 6
- length: 105:54
- speed: Fast
- version: 1.26 W3XP
- replay type:

» download(571 KB)
Players
team 1 (winner)
baby_in_pram (
green | 140 APM | 8432 actions | 60:15)
5 Warden
3 Shadow Strike
2 Blink
» actions
| Assign group hotkey | 295 | |
| Basic commands | 184 | |
| Build / train | 87 | |
| ESC pressed | 9 | |
| Enter build submenu | 27 | |
| Enter hero's abilities submenu | 5 | |
| Give item / drop item | 4 | |
| Remove unit from queue | 3 | |
| Right click | 5325 | |
| Select / deselect | 398 | |
| Select group hotkey | 1698 | |
| Use ability | 396 | |
8432 total
» units
| Wisp | 28 | |
| Druid of the Talon | 14 | |
42 total
» upgrades
| Well Spring | 1 | |
| Ultravision | 1 | |
| Strength of the Wild | 2 | |
| Reinforced Hides | 2 | |
| Druid of the Talon Training | 2 | |
| Mark of the Talon | 1 | |
9 total
» buildings
| Altar of Elders | 3 | |
| Moon Well | 12 | |
| Tree of Ages | 1 | |
| Ancient of Wonders | 2 | |
| Tree of Eternity | 3 | |
| Hunter's Hall | 1 | |
| Ancient of Wind | 2 | |
24 total
» build order
00:01 Altar of Elders
00:02 Moon Well
01:45 Moon Well
03:28 Moon Well
03:33 Moon Well
04:40 Moon Well
04:56 Tree of Ages
05:17 Moon Well
05:42 Ancient of Wonders
07:14 Moon Well
07:14 Moon Well
07:43 Tree of Eternity
07:43 Tree of Eternity
07:43 Tree of Eternity
08:28 Moon Well
08:36 Moon Well
09:08 Hunter's Hall
09:52 Moon Well
10:58 Ancient of Wonders
14:02 Ancient of Wind
14:03 Ancient of Wind
26:49 Altar of Elders
26:49 Moon Well
26:51 Altar of Elders
» items
| Boots of Speed | 3 | |
| Staff of Teleportation | 3 | |
| Moonstone | 3 | |
| Orb of Venom | 1 | |
| Scroll of Regeneration | 1 | |
| Potion of Healing | 1 | |
| Potion of Mana | 1 | |
| Periapt of Vitality | 2 | |
| Potion of Lesser Invulnerability | 1 | |
16 total
iggyhailsthee (
orange | 119 APM | 12608 actions | 105:53)
5 Mountain King
3 Storm Bolt
2 Bash
5 Paladin
3 Holy Light
2 Divine Shield
4 Blood Mage
2 Banish
2 Flame Strike
» actions
| Assign group hotkey | 401 | |
| Basic commands | 56 | |
| Build / train | 129 | |
| Enter build submenu | 104 | |
| Enter hero's abilities submenu | 15 | |
| Give item / drop item | 5 | |
| Remove unit from queue | 1 | |
| Right click | 4074 | |
| Select / deselect | 572 | |
| Select group hotkey | 6943 | |
| Use ability | 307 | |
12608 total
» units
| Peasant | 23 | |
| Dragonhawk Rider | 19 | |
42 total
» upgrades
| Masonry | 3 | |
| Lumber Harvesting | 2 | |
| Magic Sentry | 1 | |
| Swords | 3 | |
| Armor | 2 | |
| Animal War Training | 1 | |
12 total
» buildings
| Altar of Kings | 2 | |
| Farm | 12 | |
| Lumber Mill | 2 | |
| Scout Tower | 85 | |
| Arcane Tower | 5 | |
| Guard Tower | 38 | |
| Keep | 2 | |
| Arcane Vault | 2 | |
| Castle | 1 | |
| Arcane Sanctum | 1 | |
| Town Hall | 1 | |
| Gryphon Aviary | 2 | |
| Barracks | 1 | |
| Blacksmith | 1 | |
155 total
» build order
00:07 Altar of Kings
00:33 Farm
01:14 Farm
01:19 Lumber Mill
01:24 Scout Tower
01:26 Scout Tower
01:45 Farm
01:53 Arcane Tower
02:12 Scout Tower
02:18 Scout Tower
02:22 Arcane Tower
02:24 Guard Tower
02:36 Scout Tower
02:57 Guard Tower
02:58 Scout Tower
02:59 Scout Tower
03:19 Keep
03:22 Arcane Vault
03:23 Guard Tower
03:35 Guard Tower
03:49 Scout Tower
04:00 Guard Tower
04:17 Guard Tower
04:33 Scout Tower
04:54 Scout Tower
05:02 Guard Tower
05:51 Scout Tower
05:51 Guard Tower
05:54 Scout Tower
05:56 Scout Tower
05:57 Scout Tower
06:02 Farm
06:05 Castle
06:24 Guard Tower
06:26 Scout Tower
06:49 Guard Tower
07:12 Guard Tower
07:21 Scout Tower
07:25 Scout Tower
07:28 Scout Tower
07:29 Scout Tower
07:54 Guard Tower
08:00 Scout Tower
08:01 Scout Tower
08:49 Guard Tower
09:02 Guard Tower
09:10 Arcane Sanctum
09:31 Scout Tower
09:32 Scout Tower
10:05 Town Hall
10:15 Arcane Vault
11:16 Guard Tower
11:33 Guard Tower
11:46 Scout Tower
12:20 Guard Tower
12:22 Scout Tower
12:24 Scout Tower
12:50 Scout Tower
12:51 Scout Tower
13:16 Guard Tower
13:17 Scout Tower
13:41 Scout Tower
13:42 Scout Tower
13:49 Scout Tower
13:50 Scout Tower
13:53 Arcane Tower
13:55 Scout Tower
13:55 Scout Tower
14:07 Gryphon Aviary
14:09 Barracks
14:11 Blacksmith
14:46 Guard Tower
14:59 Scout Tower
15:07 Guard Tower
16:32 Arcane Tower
17:28 Scout Tower
17:29 Scout Tower
18:41 Guard Tower
20:24 Scout Tower
20:25 Scout Tower
20:25 Scout Tower
20:26 Scout Tower
20:27 Scout Tower
20:27 Scout Tower
20:29 Scout Tower
20:30 Scout Tower
20:31 Scout Tower
20:31 Scout Tower
20:32 Scout Tower
20:33 Scout Tower
20:57 Guard Tower
21:25 Scout Tower
21:26 Scout Tower
21:27 Scout Tower
21:28 Guard Tower
21:34 Scout Tower
21:35 Scout Tower
21:45 Scout Tower
21:46 Scout Tower
21:47 Guard Tower
21:51 Guard Tower
21:58 Farm
22:11 Guard Tower
22:19 Guard Tower
22:31 Scout Tower
22:34 Guard Tower
22:40 Scout Tower
22:41 Scout Tower
22:42 Scout Tower
22:42 Scout Tower
22:43 Guard Tower
22:47 Guard Tower
22:51 Scout Tower
22:55 Scout Tower
23:00 Scout Tower
23:24 Guard Tower
23:26 Scout Tower
24:11 Guard Tower
26:49 Arcane Tower
27:00 Scout Tower
27:14 Lumber Mill
28:23 Guard Tower
28:25 Scout Tower
29:20 Scout Tower
29:45 Scout Tower
29:46 Scout Tower
29:47 Scout Tower
29:49 Scout Tower
29:52 Scout Tower
29:52 Scout Tower
29:55 Scout Tower
29:56 Scout Tower
29:57 Scout Tower
29:59 Scout Tower
30:00 Scout Tower
30:04 Guard Tower
30:05 Scout Tower
30:06 Scout Tower
30:07 Scout Tower
30:08 Scout Tower
30:14 Keep
30:16 Scout Tower
30:52 Guard Tower
31:34 Guard Tower
31:38 Farm
31:39 Farm
31:43 Farm
31:44 Farm
31:47 Guard Tower
32:27 Guard Tower
32:54 Gryphon Aviary
34:54 Farm
37:17 Farm
46:03 Farm
61:48 Altar of Kings
» items
| Scroll of Regeneration | 2 | |
| Lesser Clarity Potion | 1 | |
| Staff of Sanctuary | 3 | |
| Moonstone | 1 | |
| Orb of Venom | 2 | |
| Boots of Speed | 1 | |
| Staff of Teleportation | 1 | |
11 total
timg4strok (
blue | 75 APM | 7954 actions | 105:53)
7 Archmage
3 Blizzard
3 Brilliance Aura
1 Mass Teleport
5 Mountain King
3 Storm Bolt
2 Bash
5 Paladin
3 Holy Light
2 Divine Shield
» actions
| Assign group hotkey | 13 | |
| Basic commands | 249 | |
| Build / train | 103 | |
| ESC pressed | 2 | |
| Enter build submenu | 75 | |
| Enter hero's abilities submenu | 18 | |
| Give item / drop item | 7 | |
| Right click | 3836 | |
| Select / deselect | 449 | |
| Select group hotkey | 2766 | |
| Use ability | 436 | |
7954 total
» units
| Peasant | 19 | |
| Dragonhawk Rider | 5 | |
24 total
» upgrades
| Masonry | 2 | |
| Magic Sentry | 1 | |
| Armor | 3 | |
| Animal War Training | 1 | |
| Cloud | 1 | |
| Priest Training | 1 | |
| Sorceress Training | 1 | |
10 total
» buildings
| Lumber Mill | 2 | |
| Altar of Kings | 2 | |
| Farm | 14 | |
| Scout Tower | 64 | |
| Arcane Tower | 2 | |
| Guard Tower | 32 | |
| Keep | 1 | |
| Castle | 1 | |
| Arcane Sanctum | 1 | |
| Town Hall | 1 | |
| Arcane Vault | 3 | |
| Blacksmith | 1 | |
| Barracks | 2 | |
| Gryphon Aviary | 1 | |
127 total
» build order
00:29 Lumber Mill
00:36 Altar of Kings
00:41 Farm
01:25 Scout Tower
01:32 Farm
01:41 Scout Tower
01:50 Scout Tower
01:51 Arcane Tower
01:52 Arcane Tower
02:10 Scout Tower
02:12 Guard Tower
02:18 Scout Tower
02:20 Guard Tower
02:32 Scout Tower
02:35 Scout Tower
02:50 Guard Tower
03:36 Guard Tower
03:37 Scout Tower
03:38 Scout Tower
03:39 Scout Tower
03:40 Scout Tower
03:42 Keep
04:42 Guard Tower
04:44 Scout Tower
04:46 Scout Tower
04:47 Scout Tower
04:48 Scout Tower
04:49 Scout Tower
05:12 Guard Tower
05:46 Guard Tower
05:48 Scout Tower
05:48 Scout Tower
05:49 Scout Tower
05:49 Scout Tower
05:50 Scout Tower
05:51 Scout Tower
06:19 Castle
06:20 Arcane Sanctum
06:28 Farm
07:26 Guard Tower
07:57 Town Hall
08:03 Guard Tower
08:05 Scout Tower
08:06 Scout Tower
09:08 Farm
09:26 Arcane Vault
09:27 Guard Tower
10:32 Scout Tower
10:32 Scout Tower
10:34 Scout Tower
10:41 Scout Tower
10:42 Scout Tower
10:43 Scout Tower
10:43 Scout Tower
10:46 Blacksmith
10:55 Arcane Vault
11:48 Guard Tower
13:43 Scout Tower
13:43 Scout Tower
13:44 Scout Tower
13:44 Scout Tower
13:45 Scout Tower
13:47 Guard Tower
13:53 Barracks
13:55 Gryphon Aviary
14:24 Guard Tower
14:28 Scout Tower
14:29 Scout Tower
14:30 Scout Tower
15:00 Guard Tower
15:12 Guard Tower
15:35 Guard Tower
16:10 Guard Tower
16:11 Scout Tower
16:12 Scout Tower
16:13 Scout Tower
17:24 Scout Tower
17:24 Scout Tower
17:25 Scout Tower
17:25 Scout Tower
17:42 Guard Tower
18:33 Guard Tower
19:20 Guard Tower
19:28 Farm
19:28 Farm
19:28 Farm
21:03 Arcane Vault
22:07 Altar of Kings
22:08 Farm
22:09 Farm
22:11 Farm
22:11 Farm
22:12 Farm
22:40 Farm
22:40 Farm
23:17 Lumber Mill
23:34 Scout Tower
23:34 Scout Tower
23:35 Scout Tower
23:36 Scout Tower
27:08 Guard Tower
55:56 Scout Tower
55:57 Scout Tower
55:58 Scout Tower
56:00 Scout Tower
56:00 Scout Tower
56:05 Barracks
56:06 Scout Tower
56:07 Scout Tower
56:08 Scout Tower
57:23 Scout Tower
57:24 Scout Tower
57:26 Scout Tower
57:28 Guard Tower
57:32 Guard Tower
57:32 Guard Tower
57:35 Guard Tower
57:36 Guard Tower
57:36 Guard Tower
57:59 Guard Tower
58:00 Scout Tower
58:02 Scout Tower
58:03 Scout Tower
58:04 Guard Tower
58:29 Guard Tower
58:31 Guard Tower
58:31 Guard Tower
» items
| Staff of Teleportation | 3 | |
| Boots of Speed | 4 | |
| Circlet of Nobility | 1 | |
| Staff of Sanctuary | 3 | |
| Orb of Venom | 2 | |
13 total
team 2 (loser)
BucK_Dich (
purple | 37 APM | 3942 actions | 105:53)
5 Death Knight
3 Death Coil
2 Unholy Aura
4 Lich
2 Frost Nova
2 Frost Armor
» actions
| Assign group hotkey | 2 | |
| Build / train | 58 | |
| Enter build submenu | 15 | |
| Enter hero's abilities submenu | 10 | |
| Give item / drop item | 2 | |
| Remove unit from queue | 1 | |
| Right click | 2780 | |
| Select / deselect | 912 | |
| Select group hotkey | 5 | |
| Use ability | 157 | |
3942 total
» units
| Acolyte | 3 | |
| Ghoul | 4 | |
| Crypt Fiend | 8 | |
| Frost Wyrm | 9 | |
24 total
» upgrades
| Creature Attack | 1 | |
| Burrow | 1 | |
| Web | 1 | |
| Freezing Breath | 1 | |
| Creature Carapace | 2 | |
6 total
» buildings
| Crypt | 1 | |
| Ziggurat | 8 | |
| Graveyard | 1 | |
| Altar of Darkness | 1 | |
| Tomb of Relics | 1 | |
| Halls of the Dead | 1 | |
| Nerubian Tower | 1 | |
| Black Citadel | 1 | |
| Sacrificial Pit | 1 | |
| Boneyard | 2 | |
18 total
» build order
00:22 Crypt
00:27 Ziggurat
01:02 Graveyard
01:06 Altar of Darkness
01:46 Ziggurat
02:00 Tomb of Relics
04:41 Halls of the Dead
05:23 Ziggurat
05:24 Nerubian Tower
07:40 Black Citadel
07:43 Sacrificial Pit
08:43 Ziggurat
08:46 Ziggurat
10:40 Boneyard
11:24 Boneyard
11:27 Ziggurat
13:20 Ziggurat
15:58 Ziggurat
» items
| Rod of Necromancy | 1 | |
| Dust of Appearance | 1 | |
| Potion of Healing | 2 | |
| Scroll of Regeneration | 4 | |
| Potion of Lesser Invulnerability | 1 | |
| Potion of Mana | 2 | |
| Lesser Clarity Potion | 2 | |
13 total

»
n4vii (
pink | 54 APM | 5692 actions | 105:53)
3 Archmage
1 Summon Water Elemental
2 Brilliance Aura
2 Blood Mage
1 Flame Strike
1 Banish
2 Paladin
1 Holy Light
1 Devotion Aura
» actions
| Assign group hotkey | 838 | |
| Basic commands | 2 | |
| Build / train | 80 | |
| Enter build submenu | 29 | |
| Enter hero's abilities submenu | 7 | |
| Right click | 2538 | |
| Select / deselect | 788 | |
| Select group hotkey | 1230 | |
| Use ability | 180 | |
5692 total
» units
| Peasant | 14 | |
| Footman | 6 | |
| Dragonhawk Rider | 16 | |
| Gryphon Rider | 7 | |
43 total
» upgrades
| Defend | 1 | |
| Lumber Harvesting | 2 | |
| Cloud | 1 | |
| Storm Hammers | 1 | |
| Swords | 3 | |
| Armor | 3 | |
| Animal War Training | 1 | |
12 total
» buildings
| Barracks | 1 | |
| Altar of Kings | 1 | |
| Farm | 15 | |
| Keep | 1 | |
| Arcane Vault | 2 | |
| Lumber Mill | 1 | |
| Scout Tower | 13 | |
| Guard Tower | 7 | |
| Gryphon Aviary | 2 | |
| Castle | 1 | |
| Town Hall | 1 | |
| Blacksmith | 1 | |
46 total
» build order
00:08 Barracks
00:13 Altar of Kings
00:20 Farm
00:53 Farm
01:54 Farm
03:40 Keep
04:27 Arcane Vault
04:36 Lumber Mill
05:26 Scout Tower
05:48 Farm
05:55 Guard Tower
05:59 Scout Tower
06:09 Gryphon Aviary
06:12 Gryphon Aviary
06:28 Guard Tower
06:55 Castle
07:16 Scout Tower
07:16 Scout Tower
07:17 Scout Tower
07:25 Farm
08:20 Guard Tower
09:05 Town Hall
10:45 Farm
12:10 Blacksmith
13:18 Farm
13:49 Farm
13:57 Farm
14:47 Farm
14:51 Farm
15:51 Farm
17:05 Farm
17:06 Farm
19:14 Farm
22:40 Scout Tower
22:40 Scout Tower
22:40 Scout Tower
22:41 Scout Tower
22:41 Scout Tower
22:43 Scout Tower
22:43 Scout Tower
23:14 Guard Tower
23:16 Guard Tower
24:25 Guard Tower
27:23 Arcane Vault
» items
| Scroll of Regeneration | 3 | |
| Potion of Healing | 1 | |
4 total

»
Orc1sWeaK (
teal | 34 APM | 3606 actions | 105:53)
4 Demon Hunter
2 Mana Burn
2 Evasion
» actions
| Assign group hotkey | 71 | |
| Basic commands | 391 | |
| Build / train | 108 | |
| ESC pressed | 7 | |
| Enter build submenu | 30 | |
| Enter hero's abilities submenu | 4 | |
| Right click | 1209 | |
| Select / deselect | 948 | |
| Select group hotkey | 718 | |
| Use ability | 120 | |
3606 total
» units
| Wisp | 30 | |
| Huntress | 5 | |
| Glaive Thrower | 14 | |
| Chimaera | 18 | |
| Hippogryph | 15 | |
82 total
» upgrades
| Strength of the Moon | 3 | |
| Strength of the Wild | 3 | |
| Vorpal Blades | 1 | |
| Corrosive Breath | 1 | |
| Reinforced Hides | 1 | |
| Nature's Blessing | 1 | |
10 total
» buildings
| Altar of Elders | 3 | |
| Moon Well | 9 | |
| Hunter's Hall | 1 | |
| Ancient of War | 4 | |
| Tree of Life | 5 | |
| Tree of Ages | 1 | |
| Tree of Eternity | 1 | |
| Ancient of Wind | 1 | |
| Chimaera Roost | 3 | |
28 total
» build order
00:06 Altar of Elders
00:07 Moon Well
00:09 Altar of Elders
00:11 Moon Well
01:37 Hunter's Hall
01:47 Ancient of War
02:14 Moon Well
02:36 Ancient of War
03:16 Ancient of War
03:48 Moon Well
04:53 Moon Well
06:11 Tree of Life
10:16 Tree of Ages
12:45 Tree of Eternity
12:46 Ancient of Wind
13:30 Moon Well
13:31 Moon Well
15:13 Chimaera Roost
15:13 Chimaera Roost
15:16 Chimaera Roost
18:23 Moon Well
18:24 Moon Well
21:19 Tree of Life
47:27 Altar of Elders
47:40 Ancient of War
94:15 Tree of Life
95:23 Tree of Life
95:28 Tree of Life
» items
| Lesser Clarity Potion | 4 | |
| Scroll of Regeneration | 1 | |
| Potion of Healing | 1 | |
| Potion of Mana | 1 | |
| Orb of Fire | 1 | |
8 total
Chat log
(36:38 / All) Orc1sWeaK: why?
(36:47 / All) iggyhailsthee: pure unfiltered ownage
(37:02 / All) Orc1sWeaK: zzZZzzzZZzz
(37:07 / All) iggyhailsthee: yeah
(37:08 / All) BucK_Dich: not complicated
(37:10 / All) iggyhailsthee: you should quit alread
(37:14 / All) Orc1sWeaK: i think we won
(37:19 / All) iggyhailsthee: you're wrong
(37:22 / All) iggyhailsthee: I think that's why you lost
(37:24 / All) Orc1sWeaK: we have more base
(37:26 / All) Orc1sWeaK: and units
(37:27 / All) iggyhailsthee: so?
(37:32 / All) iggyhailsthee: you have no skill
(37:32 / All) iggyhailsthee: so gg
(37:35 / All) n4vii: lol
(37:35 / All) Orc1sWeaK: haha
(37:39 / All) BucK_Dich: lol
(37:43 / All) baby_in_pram: these plays have been very poor
(37:43 / All) Orc1sWeaK: its gammel lame game now
(37:45 / All) Orc1sWeaK: no mine
(37:52 / All) Orc1sWeaK: and you stand in your tower base
(37:54 / All) BucK_Dich: your english too
(38:27 / All) iggyhailsthee: gg
(38:28 / All) iggyhailsthee: noobs
(38:32 / All) BucK_Dich: why
(38:34 / All) Orc1sWeaK: haha
(38:35 / All) BucK_Dich: noobs?
(38:43 / All) BucK_Dich: why areinsulting use ?
(38:44 / All) Orc1sWeaK: they wannabe
(38:45 / All) BucK_Dich: did we?
(38:48 / All) BucK_Dich: fucking kid
(38:50 / All) BucK_Dich: now
(38:52 / All) BucK_Dich: i unsult
(38:53 / All) BucK_Dich: you
(39:00 / All) timg4strok: i uninsult u
(39:01 / All) iggyhailsthee: thanks for the free win
(39:03 / All) iggyhailsthee: noobs
(39:07 / All) BucK_Dich: xD
(39:09 / All) BucK_Dich: poor kid
(39:10 / All) timg4strok: i insult U then i take it back
(39:17 / All) baby_in_pram: the only thing poor in this game has been your plays.
(39:19 / All) Orc1sWeaK: i go afk
(39:38 / All) iggyhailsthee: gg
(39:39 / All) iggyhailsthee: lmao
(41:37 / All) iggyhailsthee: noobs
(41:38 / All) iggyhailsthee: bye
(41:39 / All) iggyhailsthee: Leavbe
(41:44 / All) Orc1sWeaK: yes yes you are pro
(41:45 / All) Orc1sWeaK: :D
(41:57 / All) iggyhailsthee: tell me again
(42:00 / All) iggyhailsthee: how many bases you have?
(42:04 / All) iggyhailsthee: so many bases?
(42:05 / All) iggyhailsthee: what happened?
(42:11 / All) iggyhailsthee: Okay sorry
(42:12 / All) BucK_Dich: dude
(42:13 / All) iggyhailsthee: i'm sorry
(42:15 / All) BucK_Dich: it's a game
(42:17 / All) BucK_Dich: stop flame
(42:19 / All) baby_in_pram: it is a game that you have lost
(42:20 / All) n4vii: u are damn lamer
(42:21 / All) BucK_Dich: you are s pathetic
(42:30 / All) BucK_Dich: we don't care about loose or win
(42:36 / All) iggyhailsthee: no, you do
(42:36 / All) BucK_Dich: Stop think your so pro
(42:39 / All) iggyhailsthee: seriously though
(42:41 / All) iggyhailsthee: Orcisweak
(42:43 / All) iggyhailsthee: hey orcisweak?
(42:44 / All) BucK_Dich: ,
(42:44 / All) iggyhailsthee: you here?
(42:48 / All) BucK_Dich: what the poiunt?
(42:49 / All) Orc1sWeaK: yes i hear you
(42:51 / All) BucK_Dich: we don't care
(42:55 / All) iggyhailsthee: remember when you thought you won the game?
(43:00 / All) iggyhailsthee: why did you think that?
(43:02 / All) iggyhailsthee: seriously?
(43:03 / All) Orc1sWeaK: dude?
(43:06 / All) iggyhailsthee: no
(43:09 / All) iggyhailsthee: I'm curious
(43:11 / All) iggyhailsthee: Please answer :(
(43:12 / All) Orc1sWeaK: you are not better as me
(43:15 / All) n4vii: may win or lose doesnt matter it's a game
(43:25 / All) Orc1sWeaK: lame and happy lucky luke okey
(43:33 / All) BucK_Dich: your life will not be more beautiful now
(43:35 / All) n4vii: lame tactic is ok if u have fun
(43:37 / All) BucK_Dich: so stop flame
(43:38 / All) Orc1sWeaK: gz
(44:00 / All) n4vii: but insulting like little kids thats poof
(44:01 / All) iggyhailsthee: well the only metric we have for each others success at this point
(44:03 / All) iggyhailsthee: Is this game
(44:06 / All) n4vii: poor
(44:07 / All) iggyhailsthee: ... and we won
(44:08 / All) Orc1sWeaK: lol
(44:10 / All) iggyhailsthee: you really wanted to win and you lost
(44:14 / All) iggyhailsthee: you thought you had it too!
(44:14 / All) Orc1sWeaK: one game you won
(44:18 / All) Orc1sWeaK: lets rego othe rmap
(44:20 / All) BucK_Dich: we didn't tought
(44:22 / All) Orc1sWeaK: other map
(44:22 / All) BucK_Dich: thought*
(44:23 / All) baby_in_pram: no need to rego, we already won
(44:24 / All) BucK_Dich: anything
(44:26 / All) BucK_Dich: we just played
(44:34 / All) n4vii: u just fear to lose green he?
(44:35 / All) BucK_Dich: so whazt the point
(44:37 / All) BucK_Dich: of
(44:38 / All) BucK_Dich: falme?
(44:40 / All) BucK_Dich: really
(44:40 / All) iggyhailsthee: Let me quote
(44:43 / All) iggyhailsthee: Orcisweak
(44:47 / All) BucK_Dich: we don't
(44:47 / Allies) iggyhailsthee: "i think we won"
(44:48 / All) BucK_Dich: care
(44:50 / All) BucK_Dich: go teamchat
(44:52 / All) iggyhailsthee: "i think we won"
(44:54 / All) iggyhailsthee: exact quiote
(44:57 / All) iggyhailsthee: So
(45:00 / All) Orc1sWeaK: we have more base
(45:03 / All) Orc1sWeaK: i said
(45:04 / All) BucK_Dich: xD
(45:08 / All) iggyhailsthee: Chat log
(45:09 / All) iggyhailsthee: chat log
(45:11 / All) n4vii: i have time so come and end it
(45:12 / All) iggyhailsthee: "i think we won"
(45:13 / All) iggyhailsthee: exact quote
(45:14 / All) baby_in_pram: it was the crucial component you lacked all along: skill
(45:17 / All) timg4strok: ok we're coming
(45:19 / All) timg4strok: are you ready????
(45:20 / All) BucK_Dich: yeah
(45:22 / All) BucK_Dich: green
(45:23 / All) iggyhailsthee: exact spelling and all
(45:24 / All) BucK_Dich: we understand
(45:27 / All) BucK_Dich: 5 times
(45:28 / All) timg4strok: where you want to Final Fight
(45:28 / All) BucK_Dich: you said
(45:29 / All) BucK_Dich: gj
(45:30 / All) BucK_Dich: xD
(45:37 / All) iggyhailsthee: pick an arena
(45:39 / All) iggyhailsthee: for final fight
(45:39 / All) timg4strok: this fight is for all the beans where we do it
(45:40 / All) Orc1sWeaK: x max time for you
(45:41 / All) baby_in_pram: so finally... you understand how your lack of skill lead to this loss. i am glad
(45:47 / All) Orc1sWeaK: x ams
(45:48 / All) timg4strok: hello???
(45:49 / All) Orc1sWeaK: mas
(45:50 / All) Orc1sWeaK: lol
(45:51 / All) timg4strok: where we fight
(45:51 / All) BucK_Dich: it's not that ;)
(45:54 / All) timg4strok: pick location
(45:56 / All) Orc1sWeaK: happy christmas
(46:00 / All) iggyhailsthee: btw you lost because you're a bit stupid :/
(46:00 / All) BucK_Dich: idc about your tells
(46:09 / All) BucK_Dich: lool
(46:12 / All) BucK_Dich: cause
(46:15 / All) BucK_Dich: we wanted to play
(46:16 / All) n4vii: we remember we dont care
(46:16 / All) BucK_Dich: ofc
(46:18 / All) BucK_Dich: ahaha
(46:20 / All) Orc1sWeaK: i roll a cigarett
(46:20 / All) iggyhailsthee: you care
(46:23 / All) iggyhailsthee: you care a LOT
(46:24 / All) BucK_Dich: no
(46:26 / All) BucK_Dich: we don't
(46:27 / All) BucK_Dich: xD
(46:28 / All) iggyhailsthee: otherwise you would have quit 20 min ago
(46:30 / All) BucK_Dich: you don't know use
(46:32 / All) n4vii: lol
(46:33 / All) iggyhailsthee: and stopped chatting
(46:38 / All) BucK_Dich: stop acting like Mr president
(46:40 / All) iggyhailsthee: hey, now that you have time though
(46:41 / All) BucK_Dich: dude
(46:43 / All) Orc1sWeaK: our abse allrdy too here
(46:43 / All) BucK_Dich: it's a game
(46:45 / All) Orc1sWeaK: kill them
(46:51 / All) BucK_Dich: you're so proud to win
(46:52 / All) iggyhailsthee: check out our website
(46:55 / All) BucK_Dich: WDC
(46:56 / All) iggyhailsthee: www.highper.ch
(46:59 / All) BucK_Dich: so stop talk ;)
(47:00 / All) iggyhailsthee: you're not alone in this
(47:02 / All) iggyhailsthee: www.highper.ch
(47:03 / All) Orc1sWeaK: we are youporn.com
(47:05 / All) Orc1sWeaK: only
(47:24 / All) timg4strok: my bad
(47:28 / All) timg4strok: fucking asshole...
(47:58 / All) iggyhailsthee: stay out of our base
(48:04 / All) iggyhailsthee: and we'll let you live
(48:16 / All) n4vii: cause u arent able to kill us
(48:22 / All) iggyhailsthee: do you think so?
(48:26 / All) iggyhailsthee: like you thought you won the game?
(48:36 / All) n4vii: if u are able to so come show us ur "skill"
(48:44 / All) iggyhailsthee: can you really trust your own judgement at this point?
(48:51 / All) iggyhailsthee: you probably thought you were winning the entire time
(48:58 / All) baby_in_pram: we already demonstrated our skill pretty obviously by owning yall
(49:06 / All) n4vii: i remember we dont care about it
(49:10 / All) Orc1sWeaK: not true
(49:16 / All) Orc1sWeaK: you won one game
(49:16 / All) n4vii: if u want this win so come get it
(49:18 / All) Orc1sWeaK: go bestoff 3
(49:21 / All) iggyhailsthee: we already got this win
(49:23 / All) iggyhailsthee: It's ours
(49:25 / All) iggyhailsthee: thanks by the way
(49:28 / All) Orc1sWeaK: its only one...
(49:31 / All) Orc1sWeaK: go bestof 3
(49:31 / All) baby_in_pram: we can do best of 3 but this game is worth 2 points
(49:32 / All) iggyhailsthee: free win and another ownage reep for www.highper.ch
(49:33 / All) Orc1sWeaK: othe rmap
(49:36 / All) BucK_Dich: you won
(49:37 / All) BucK_Dich: and?
(49:38 / All) BucK_Dich: LOL
(49:40 / All) BucK_Dich: why flame?
(49:46 / All) n4vii: yes hwo about best of 3 ? :)
(49:52 / All) BucK_Dich: your reactiosn are just pathetics
(50:33 / All) iggyhailsthee: i let you live!!
(51:03 / All) Orc1sWeaK: after revolution i will search you and then you must play 24hours with me
(51:17 / All) Orc1sWeaK: wc3 only then
(51:36 / All) iggyhailsthee: i think
(51:40 / All) iggyhailsthee: the result will be the sam
(51:43 / All) n4vii: go best of 3 ?
(51:47 / All) iggyhailsthee: ok
(51:49 / All) iggyhailsthee: 3-0!
(51:50 / All) timg4strok: go best of 3
(51:52 / All) timg4strok: i own u
(51:55 / All) n4vii: meet channel at
(51:56 / All) timg4strok: what channel
(51:56 / All) iggyhailsthee: right freaking now
(51:58 / All) timg4strok: what channel
(52:00 / All) n4vii: at
(52:02 / All) iggyhailsthee: upload all to www.highper.ch
(52:06 / All) n4vii: channel: at
(52:07 / All) timg4strok: what channel we meet at??
(52:15 / All) iggyhailsthee: yeah but at what channel
(52:15 / All) timg4strok: say the channel we meet at u coward
(52:20 / All) baby_in_pram: meet at channel? what channel at?
(52:30 / All) timg4strok: fearful bitch he say meet at channel at but never name a channel
(52:51 / All) timg4strok: what a frightboy
(52:52 / All) n4vii: omg the channel's nam is at..
(52:59 / All) iggyhailsthee: where's the channel name at
(53:00 / All) timg4strok: WHAT channel??
(53:02 / All) iggyhailsthee: keep telling us
(53:11 / All) iggyhailsthee: the channel name is at... AT WHAT???
(53:34 / All) timg4strok: cowardboy
(53:34 / All) n4vii: u fear 3n3 he? :)
(53:41 / All) iggyhailsthee: "i think we won" - orc1sweak, 2012
(53:51 / All) n4vii: its 2013 but ok ;D
(53:57 / All) Orc1sWeaK: yes i can lose too
(53:57 / All) iggyhailsthee: lol
(54:00 / All) iggyhailsthee: doesn't know math
(54:01 / All) Orc1sWeaK: i am nooby geek
(54:03 / All) timg4strok: you said it last year and were wrong about it then too
(54:12 / All) timg4strok: why so angry
(54:15 / All) iggyhailsthee: not sure he ever won a game
(54:15 / All) timg4strok: you lose. get over it
(54:17 / All) iggyhailsthee: can't even win against towers
(54:20 / All) baby_in_pram: you can lose too? i thought losing was the only thing you could do (due to the aforementioned lack fo skill)
(54:23 / All) timg4strok: arent you used to losing??
(54:26 / All) iggyhailsthee: Get.Over.It. anything else is a hate crime
(54:33 / All) Orc1sWeaK: lol
(54:38 / All) Orc1sWeaK: 'drole
(54:54 / All) baby_in_pram: damn. you guys were like 200 food up and all we had was towers. how did u POSSIbly lose
(54:59 / All) iggyhailsthee: i'm the president and i 'drole where i like
(55:03 / All) BucK_Dich: lol
(55:07 / All) iggyhailsthee: tower's don't move btw
(55:09 / All) BucK_Dich: go ahead
(55:11 / All) baby_in_pram: that's Mr. President 2u
(55:11 / All) BucK_Dich: talk more;)
(55:14 / All) iggyhailsthee: DONE
(55:19 / All) timg4strok: why are you so upset about simple loss
(55:22 / All) baby_in_pram: dog we gonna keep talking till you quit this game in shame
(55:23 / All) iggyhailsthee: remember when your lvl 1 dh died 10 times over
(55:30 / All) iggyhailsthee: because of your dreadful skill
(55:31 / All) n4vii: *lose
(55:39 / All) Orc1sWeaK: :D
(56:18 / All) Orc1sWeaK: i need a cigarett and energydrink
(56:19 / All) iggyhailsthee: damn
(56:21 / All) Orc1sWeaK: cheers
(56:22 / All) iggyhailsthee: I never realized
(56:25 / All) timg4strok: u need a LIFE!!!
(56:27 / All) baby_in_pram: you need a LOT more than that to defeat us
(56:27 / All) iggyhailsthee: you're even worse at english than you are at this game
(56:36 / All) iggyhailsthee: i think maybe
(56:39 / All) iggyhailsthee: you're kind of dumb :/
(56:51 / All) baby_in_pram: if youre gonna take us out you need about 10 frosties, 6 or 7 gryphs, 4 dhawks, and 8 chimbo
(56:56 / All) baby_in_pram: oh wait.. u had that.. and u god 0wned??? LOL
(57:16 / All) timg4strok: so bad,....,. so sad
(57:21 / All) Orc1sWeaK: in a other universe we dont get this map and we have played on gw
(57:28 / All) Orc1sWeaK: there you get raped
(57:33 / All) baby_in_pram: ';..;' my angery face at u being such poor players
(57:40 / All) baby_in_pram: there is no other world. only this world.
(57:42 / All) timg4strok: in another universe maybe you know how to play this game
(57:50 / All) timg4strok: u ever hear of a little thing called MICRO??
(57:52 / All) baby_in_pram: Clearly Not
(58:01 / All) baby_in_pram: gnoll wood doesnt give you + 200 apm
(58:05 / All) baby_in_pram: that would put you at... 205
(58:05 / All) Orc1sWeaK: yes yes one moment i dont saw
(58:10 / All) Orc1sWeaK: and then i am down
(58:12 / All) Orc1sWeaK: i know
(58:16 / All) baby_in_pram: then you are downs. syndrome
(58:18 / All) Orc1sWeaK: normally me more skill
(58:21 / All) timg4strok: how is a Man so bad at a game?
(58:28 / All) iggyhailsthee: how can one man
(58:30 / All) BucK_Dich: Are you better with 200 apm?
(58:30 / All) iggyhailsthee: have all this bad
(58:31 / All) BucK_Dich: xD
(58:31 / All) iggyhailsthee: In him
(58:37 / All) baby_in_pram: we're clearly better than you, no matter what apms
(58:38 / All) iggyhailsthee: he must be quite fat
(58:41 / All) baby_in_pram: source: we won this game
(58:44 / All) iggyhailsthee: 100% win ratio
(58:46 / All) BucK_Dich: if you want
(58:47 / All) iggyhailsthee: without ground units
(58:48 / All) BucK_Dich: idc ;)
(58:49 / All) baby_in_pram: citation needed: this game
(58:56 / All) baby_in_pram: further reading: this game
(58:58 / All) iggyhailsthee: wikipedia article SOURCED
(59:10 / All) timg4strok: how did u come 2 lose this
(59:20 / All) timg4strok: what point do it go through your brain "maybe i stink"
(59:22 / All) iggyhailsthee: a fine loss well earned
(59:30 / All) timg4strok: that moment of dread
(59:30 / All) Orc1sWeaK: next time we better units
(59:37 / All) timg4strok: "maybe we not so good gentlemen"
(59:44 / All) baby_in_pram: how about next time... bring some better plays
(59:47 / All) baby_in_pram: the units weren't the problem
(60:15 / All) timg4strok: big greets big meats
(60:19 / All) timg4strok: big meats is my dick in your MOUTh
(62:12 / All) iggyhailsthee: gg noobs, share you thoughts on the www.highper.ch picture board (click brush to use the brush!)
(63:26 / All) Orc1sWeaK: maybe you get lagout
(63:33 / All) Orc1sWeaK: -1
(63:35 / All) Orc1sWeaK: ^^
(64:51 / All) Orc1sWeaK: swimming?
(67:02 / All) timg4strok: sorry you have to endure this unpaused
(67:11 / All) timg4strok: come on dog
(67:13 / All) timg4strok: this is easy
(67:17 / All) timg4strok: f10 m
(67:28 / All) timg4strok: maybe thats why you lost
(67:31 / All) timg4strok: you dont know hotkeys??
(67:36 / All) timg4strok: do you want me to teach you
(67:47 / All) timg4strok: h is hold position, use it on your demon hunter for less deaths!
(68:08 / All) iggyhailsthee: do you wish to delay this loss even further
(68:28 / All) iggyhailsthee: so you can dodge bo3
(68:35 / All) iggyhailsthee: not get owned 3 times in 1 row
(68:35 / All) timg4strok: embarrass fearfright...
(68:50 / All) Orc1sWeaK: maybe your mother cut you cabel
(69:01 / All) timg4strok: english me
(69:09 / All) timg4strok: say it again, except this time in english
(69:11 / All) Orc1sWeaK: your*
(69:21 / All) iggyhailsthee: would you like to visit me
(69:24 / All) timg4strok: the whole sentence, not one word
(69:25 / All) iggyhailsthee: where do you lieve
(69:30 / All) iggyhailsthee: I mean obviously germany
(69:32 / All) Orc1sWeaK: you are from bagdad
(69:34 / All) Orc1sWeaK: or?
(69:39 / All) timg4strok: didnt my grandpa own you in ww2
(69:42 / All) timg4strok: speak his language
(69:42 / All) iggyhailsthee: stockholm, right at central station
(69:44 / All) timg4strok: have some respect
(69:47 / All) iggyhailsthee: blekholmsterrassen 3
(69:56 / All) iggyhailsthee: give me a call I'll make you dinner ok?
(70:04 / All) timg4strok: my grandpa didnt kill nazis so that their grandchildren would disrespect his legacy by butchering his language
(70:07 / All) Orc1sWeaK: tasty?
(70:18 / All) Orc1sWeaK: i hate nazis
(70:20 / All) iggyhailsthee: My dinners are excellent much like my mcro
(70:36 / All) iggyhailsthee: where do you lieve
(70:38 / All) Orc1sWeaK: specially tasty plz
(70:45 / All) iggyhailsthee: give us 1 address
(71:15 / All) iggyhailsthee: are you afraid to tell
(71:17 / All) iggyhailsthee: is it bad
(72:10 / All) Orc1sWeaK: jump into the swimming pool
(72:29 / All) iggyhailsthee: hey orc1sweak where do you live
(72:33 / All) iggyhailsthee: Let's meete up
(72:58 / All) Orc1sWeaK: are you a girl and sexy?
(73:23 / All) iggyhailsthee: stop dodging the inquisition re: your position
(74:05 / All) Orc1sWeaK: dear blizzard make them dsc out
(74:09 / All) Orc1sWeaK: disc*
(74:28 / All) Orc1sWeaK: wc4 woon
(74:31 / All) Orc1sWeaK: soon
(75:52 / All) iggyhailsthee: I wonder why you want us to disc
(75:57 / All) iggyhailsthee: Guess you want this win real bad huh
(76:03 / All) iggyhailsthee: should have played better then :/
(76:04 / All) timg4strok: "
(76:18 / All) timg4strok: "we dont care about losing" -smelly europeans
(76:25 / All) iggyhailsthee: by the way i live at latitude 59.33034 longitude 18.05300
(76:28 / Allies) iggyhailsthee: Now you tell me
(76:30 / All) iggyhailsthee: Now you tell me
(76:32 / All) iggyhailsthee: where you live
(77:03 / All) Orc1sWeaK: ?ßß
(77:06 / All) Orc1sWeaK: ???
(77:53 / All) iggyhailsthee: Why are you so embarrassed about your location?
(79:15 / All) Orc1sWeaK: buck is from bagdad, n4vi from togo and me from indien
(80:15 / All) iggyhailsthee: can't even tell the truth... what a sad little man
(80:24 / All) iggyhailsthee: Look me up in sthlm when you grow up child
(81:07 / All) Orc1sWeaK: nous francais et allemand et toi?
(82:36 / All) Orc1sWeaK: meschugge
(83:15 / All) Orc1sWeaK: baby_in_pram is afk wank
(83:36 / All) Orc1sWeaK: ou?
(92:04 / All) Orc1sWeaK: hes nervous
(92:11 / All) iggyhailsthee: who?
(99:58 / All) n4vii: ^^
(101:14 / All) Orc1sWeaK: you mh
(101:29 / All) BucK_Dich: cheaters
(101:31 / All) BucK_Dich: omg!
(105:02 / All) Orc1sWeaK: cya